Cogmind - Beta 13 @@@ ROGUE MODE // 2024.04.18 @ 17:27:56 Player: luckinvolved Result: Destroyed by G-50 Soldier with Heavy Laser Performance ------------- Evolutions (5) 2500 Regions Visited (11) 2200 Robots Destroyed (97) 485 Value Destroyed (3112) 3112 Prototype IDs (13) 260 Alien Tech Used (0) 0 Bonus (259) 259 TOTAL SCORE: 8816 Bonus ------- High Alert Combat Kills 24 Follower Combat Kills 235 Cogmind --------- Core Integrity 0/1000 Matter 255/300 Energy 124/450 System Corruption 0% Temperature Cool (9) Movement Core (100) Ox1 Location -5/Upper Caves Parts ------- > --- POWER (2) -------- (None) > --- PROPULSION (4) --- (None) > --- UTILITY (8) ------ Energy Well Machine Analyzer Improved Sensor Array Improved Signal Interpreter > --- WEAPON (3) ------- (None) > --- INVENTORY (5) ---- Neutrino Core Improved Gravmag System Makeshift ECM Suite Cloaking Device Makeshift Axe Peak State ------------ > --- POWER ------------ Cold Fusion Reactor > --- PROPULSION ------- Light Treads Light Treads Medium Treads Medium Treads > --- UTILITY ---------- Advanced Heat Sink Improved Cooling System Large Storage Unit Machine Analyzer Visual Processing Unit Core Analyzer Improved Medium Armor Plating > --- WEAPON ----------- Gauss Rifle Gauss Rifle Precision Assault Rifle > --- INVENTORY -------- Improved Deuterium Engine Heavy Deuterium Engine Light Angular Momentum Engine Light Angular Momentum Engine Light Treads Cooling System Improved Cooling System Large Matter Pod Sensor Array Improved Medium Armor Plating Arc Projector Precision Beam Rifle Precision Beam Rifle Improved EM Pulse Cannon Gauss Cannon [Rating: 57] Favorites ----------- Power Enhanced Nuclear Core Engine Heavy Deuterium Engine Power Core Enhanced Nuclear Core Reactor Cold Fusion Reactor Propulsion Light Treads Treads Light Treads Leg Improved Titanium Leg Hover Unit Aerolev Unit Flight Unit Cooled Cesium-ion Thruster Utility Advanced Heat Sink Device Advanced Heat Sink Storage Large Storage Unit Processor Machine Analyzer Hackware Hacking Suite Protection Improved Medium Armor Plating Weapon Gauss Rifle Energy Gun EM Pulse Gun Energy Cannon Advanced Beam Cannon Ballistic Gun Gauss Rifle Impact Weapon Makeshift Hammer Piercing Weapon Makeshift Spear Build | -11 -10 -9 -8 -7 -6 -6 -6 -6 -6 -5 -5 ------- Run | Yrd Mat Mat Mat Fac Fac Was Fac Low Low Fac Upp Slots Evolved 10 | . . 2 2 2 2 . . . . 2 . Power 1 | . . . . . . . . . . 1 . Propulsion 2 | . . . . 1 1 . . . . . . Utility 6 | . . 2 1 1 1 . . . . 1 . Weapon 1 | . . . 1 . . . . . . . . Parts Attached 143 | 7 . 26 28 33 3 1 10 8 13 13 1 Power 16 | 1 . 4 3 2 1 . 2 1 1 1 . Engine 9 | 1 . 4 2 1 . . 1 . . . . Core 4 | . . . 1 1 . . . . 1 1 . Reactor 3 | . . . . . 1 . 1 1 . . . Propulsion 40 | 2 . 4 8 15 1 1 2 2 4 1 . Treads 35 | 2 . 4 7 14 1 1 . 2 4 . . Leg 1 | . . . . . . . 1 . . . . Wheel . | . . . . . . . . . . . . Hover 1 | . . . 1 . . . . . . . . Flight 3 | . . . . 1 . . 1 . . 1 . Utility 39 | 2 . 6 8 7 1 . 2 2 5 6 . Device 16 | 1 . 1 4 3 . . 1 1 2 3 . Storage 6 | 1 . 1 1 . . . . 1 1 1 . Processor 6 | . . 1 . 2 1 . . . 1 1 . Hackware 2 | . . 1 . . . . . . . 1 . Protection 9 | . . 2 3 2 . . 1 . 1 . . Artifact . | . . . . . . . . . . . . Weapon 48 | 2 . 12 9 9 . . 4 3 3 5 1 Energy Gun 22 | 2 . 8 5 2 . . 2 . 1 2 . Energy Cannon 11 | . . 2 2 1 . . 1 1 2 2 . Ballistic Gun 12 | . . 2 2 6 . . 1 1 . . . Ballistic Cannon . | . . . . . . . . . . . . Launcher . | . . . . . . . . . . . . Special Weapon . | . . . . . . . . . . . . Impact Weapon 2 | . . . . . . . . 1 . 1 . Slashing Weapon . | . . . . . . . . . . . . Piercing Weapon 1 | . . . . . . . . . . . 1 Special Melee Weapon . | . . . . . . . . . . . . Unidentified Prototypes 13 | . . 3 2 6 1 . 1 . . . . Corrupted Parts 4 | . . 2 . . . . . . 2 . . System Corruption 15 | . . 9 . . . . . . 6 . . Parts Lost 60 | . . 9 12 9 1 7 . 1 7 9 5 Power 6 | . . 2 2 . 1 . . . . 1 . Propulsion 23 | . . 2 3 6 . 5 . 1 4 1 1 Utility 16 | . . 2 2 2 . 1 . . 2 4 3 Weapon 15 | . . 3 5 1 . 1 . . 1 3 1 Highest Loss Streak 7 | . . 4 6 3 1 7 . 1 6 7 5 To Critical Strikes 2 | . . . . . . . . . . 1 1 Average Slot Usage (%) 80 | . 100 94 92 99 98 84 20 45 73 35 50 Engine 4 | . 14 11 6 3 3 . . . . . . Core 1 | . . . 2 3 . . . . 1 1 . Treads 16 | . 28 22 17 22 26 21 . 3 15 1 . Device 12 | . 14 11 12 15 13 11 6 10 15 6 15 Storage 7 | . 14 11 9 7 6 5 . 1 7 6 5 Processor 6 | . . . 9 14 18 18 . . 2 5 11 Hackware 1 | . . 8 2 . . . . . . . 5 Protection 5 | . . 8 5 6 6 4 6 6 5 . . Energy Gun 7 | . 28 18 9 5 . . . . . 1 . Energy Cannon 2 | . . 1 7 3 . . . . 5 1 . Ballistic Gun 7 | . . 1 9 12 20 16 2 5 6 . . Naked Turns 11 | . . . . . . 11 . . . . . Heaviest Build 60 | 15 15 29 60 56 54 54 17 31 54 59 12 Greatest Support 112 | 40 40 40 42 76 96 96 20 56 112 23 13 Greatest Overweight (x) 4 | . . . 1 2 . . 2 1 1 4 3 Average Overweight (x) . | . . . . . . . . . . . . Largest Inventory Capacity 15 | 8 8 10 15 15 15 15 5 5 5 5 5 Average Capacity 9 | 6 8 8 11 15 15 13 5 5 5 5 5 Most Carried 15 | 4 8 10 15 15 15 14 5 5 4 5 5 Average Carried 8 | 2 6 7 9 14 14 12 4 3 2 4 5 Final Capacity 15 | 8 8 10 15 15 15 5 5 5 5 5 5 Final Carried 15 | 4 7 10 15 15 14 5 5 3 4 5 5 Class Distribution -------------------- 41% | Mutant 31% | Scavenger-Tank 8% | Scavenger-Gunner 6% | Scavenger-Mutant 6% | Tank 3% | Derelict-Mutant Dominant Class ---------------- Mutant | -10/Materials Mutant | -9/Materials Scavenger-Tank | -8/Materials Scavenger-Tank | -7/Factory Scavenger-Gunner | -6/Factory Scavenger-Gunner | -6/Waste Mutant | -6/Factory Mutant | -6/Lower Caves Derelict-Mutant | -6/Lower Caves Mutant | -5/Factory Ninja | -5/Upper Caves Resources | -11 -10 -9 -8 -7 -6 -6 -6 -6 -6 -5 -5 ----------- Run | Yrd Mat Mat Mat Fac Fac Was Fac Low Low Fac Upp Matter Collected 2287 | 270 . 180 615 602 . . 25 328 230 37 . Remotely . | . . . . . . . . . . . . Salvage Created 4373 | 101 234 779 1508 1175 32 . 25 111 253 155 . Parts 225 | 7 16 53 72 52 2 . 3 7 11 2 . Haulers Intercepted 7 | . . 2 2 3 . . . . . . . Recyclers Shooed 2 | . . . 1 1 . . . . . . . Parts Field Recycled . | . . . . . . . . . . . . Retrieved Matter . | . . . . . . . . . . . . Parts Self-Destructed 12 | . . . . . . . . 7 5 . . Prevented 6 | . . . . . . . . . 5 . 1 Kills | -11 -10 -9 -8 -7 -6 -6 -6 -6 -6 -5 -5 ------- Run | Yrd Mat Mat Mat Fac Fac Was Fac Low Low Fac Upp Combat Hostiles Destroyed 71 | . 4 12 28 16 . . . 4 5 2 . Guns 52 | . 4 12 21 10 . . . 4 1 . . Cannons 14 | . . . 7 3 . . . . 4 . . AOE 3 | . . . . 3 . . . . . . . Classes Destroyed 17 | 2 3 5 4 3 . . . . . . . Worker 2 | . . 2 . . . . . . . . . Builder 2 | . . 1 . . . . 1 . . . . Tunneler 1 | 1 . . . . . . . . . . . Hauler 7 | . . 2 2 3 . . . . . . . Recycler 8 | 1 . 2 3 2 . . . . . . . Mechanic 1 | . . . . 1 . . . . . . . Operator 1 | . 1 . . . . . . . . . . Watcher 4 | . 1 1 . . 1 . . . . 1 . Swarmer 18 | . . 5 7 . . . . 4 2 . . Grunt 31 | . 4 4 13 8 . . . . 2 . . Brawler 1 | . . . 1 . . . . . . . . Duelist 2 | . . . 1 1 . . . . . . . Sentry 11 | . . 3 3 4 . . . . 1 . . Specialist 2 | . . . 2 . . . . . . . . Hunter 4 | . . . . 2 . . . . . 2 . Programmer 1 | . . . . 1 . . . . . . . Heavy 1 | . . . 1 . . . . . . . . Best Kill Streak 9 | 2 4 7 9 5 1 . 1 3 2 2 . Combat Bots Only 9 | . 4 4 9 3 . . . 3 2 2 . Max Kills in Single Turn 4 | 1 2 2 1 4 1 . 1 1 1 1 . Gunslinging 1 | . 1 . . 1 . . . . . . . Exploded 3 | . . . . 3 . . . . . . . Melee . | . . . . . . . . . . . . Uniques/NPCs Destroyed . | . . . . . . . . . . . . Combat | -11 -10 -9 -8 -7 -6 -6 -6 -6 -6 -5 -5 -------- Run | Yrd Mat Mat Mat Fac Fac Was Fac Low Low Fac Upp Hostile Shots Fired 978 | . 26 141 230 269 . 7 18 28 70 127 62 Missed 298 | . 9 36 66 79 . . 9 11 20 47 21 Damage Taken 9894 | . 207 1006 2665 2216 . 354 170 262 971 1330 713 Core 2024 | . 36 179 183 229 . 112 40 49 192 497 507 Absorbed by Shields 256 | . . . . 256 . . . . . . . Core Remaining (%) 71 | 100 85 55 66 67 . . . . 53 . . Volleys Fired 238 | 2 11 46 85 53 1 . 4 15 14 7 . Largest 3 | 2 2 2 3 3 3 . 1 1 3 3 . Hottest 243 | 80 80 133 155 152 84 . 30 69 164 243 . Shots Fired 550 | 4 22 78 217 159 3 . 4 15 34 14 . Gun 443 | 4 22 70 169 137 3 . 4 12 14 8 . Cannon 107 | . . 8 48 22 . . . 3 20 6 . Launcher . | . . . . . . . . . . . . Special . | . . . . . . . . . . . . Kinetic 216 | . . . 92 90 3 . 4 12 14 1 . Thermal 239 | . . 43 119 56 . . . . 14 7 . Explosive . | . . . . . . . . . . . . Electromagnetic 95 | 4 22 35 6 13 . . . 3 6 6 . Robot Hit Streak 32 | 2 6 10 14 32 1 . . 2 30 3 . Robot Miss Streak 7 | 1 2 7 4 3 1 . 4 5 . 5 . Penetration Max 1 | . . . . 1 . . . . . . . Secondary Targets 10 | . 2 1 5 2 . . . . . . . Max Gunslinging Chain 1 | . 1 1 1 1 . . . . . . . Shots Hit Robots 365 | 3 15 43 147 111 1 . . 6 29 10 . Core Hits 169 | 3 10 25 69 42 1 . 1 4 11 3 . Critical Kills 2 | . . . 1 1 . . . . . . . Critical Parts Destroyed 2 | . . . . 1 . . . . . 1 . Critical Strikes 13 | . . 2 5 5 . . . . . 1 . Burn 8 | . . 2 4 2 . . . . . . . Meltdown 1 | . . . 1 . . . . . . . . Destroy 2 | . . . . 2 . . . . . . . Corrupt 1 | . . . . 1 . . . . . . . Smash 1 | . . . . . . . . . . 1 . Melee Attacks 10 | . . . . . . . . . . 10 . Impact 10 | . . . . . . . . . . 10 . Slashing . | . . . . . . . . . . . . Piercing . | . . . . . . . . . . . . Sneak Attacks . | . . . . . . . . . . . . Combat Hostiles . | . . . . . . . . . . . . Follow-up Attacks . | . . . . . . . . . . . . Damage Inflicted 7710 | 41 232 809 2796 2462 23 . 22 135 775 415 . Guns 5305 | 41 232 643 2185 1726 23 . 22 99 239 95 . Cannons 1731 | . . 83 611 412 . . . 36 536 53 . Explosions 407 | . . 83 . 324 . . . . . . . Melee 267 | . . . . . . . . . . 267 . Ramming . | . . . . . . . . . . . . Kinetic 2643 | . . . 1147 1113 23 . 22 99 239 . . Thermal 3236 | . . 419 1533 798 . . . . 391 95 . Explosive 324 | . . . . 324 . . . . . . . Electromagnetic 1240 | 41 232 390 116 227 . . . 36 145 53 . Impact 267 | . . . . . . . . . . 267 . Slashing . | . . . . . . . . . . . . Piercing . | . . . . . . . . . . . . Highest Corruption 9 | . . 9 . 6 . . . . 6 . . Average Corruption 4 | . . 7 . 4 . . . . 4 . . Corruption Purged . | . . . . . . . . . . . . Corruption Blocked . | . . . . . . . . . . . . Effects 40 | . . . . 38 . . . . 2 . . Message Errors 6 | . . . . 6 . . . . . . . Matter Fused 10 | . . . . 9 . . . . 1 . . Heat Flow Errors 7 | . . . . 7 . . . . . . . Energy Discharges 6 | . . . . 5 . . . . 1 . . Data Loss (minor) 9 | . . . . 9 . . . . . . . Misfires 1 | . . . . 1 . . . . . . . Weapon Failures 1 | . . . . 1 . . . . . . . Overload Shots . | . . . . . . . . . . . . Overflow Damage 176 | . . 4 . 42 . . . 21 19 90 . Projectiles 40 | . . . . . . . . 21 19 . . Explosions 46 | . . 4 . 42 . . . . . . . Melee 90 | . . . . . . . . . . 90 . Knockbacks 2 | . . . . . . . . . . 2 . Impact 2 | . . . . . . . . . . 2 . Kinetic . | . . . . . . . . . . . . Secondary . | . . . . . . . . . . . . Self-Inflicted Damage 310 | . . . . 310 . . . . . . . Shots 3 | . . . . 3 . . . . . . . Rammed . | . . . . . . . . . . . . Targets Rammed . | . . . . . . . . . . . . Kicked . | . . . . . . . . . . . . Crushed . | . . . . . . . . . . . . Highest Temperature 455 | 18 157 322 455 228 . . . . 82 449 . Average Temperature 103 | 12 68 112 120 59 . . . . 30 178 . Received Heat Transfer 2528 | . 117 141 972 584 . . 81 . 441 . 192 Effects 6 | . . . 4 . . . . . . 2 . Shutdowns 2 | . . . 2 . . . . . . . . Interference 4 | . . . 2 . . . . . . 2 . Siege Activations . | . . . . . . . . . . . . Robots Corrupted 1 | . . . . . . . . . . 1 . Combat Hostiles 1 | . . . . . . . . . . 1 . Parts Fried 12 | . . 2 1 . . . . . . 9 . Impact Corruptions 2 | . . . . . . . . . . 2 . Robots Melted 1 | . . . 1 . . . . . . . . Combat Hostiles . | . . . . . . . . . . . . Parts Melted 9 | . . 1 4 4 . . . . . . . Heat Transferred 6908 | . . 1025 3478 1739 . . . . 518 148 . Parts Sabotaged . | . . . . . . . . . . . . Parts Stolen . | . . . . . . . . . . . . Parts Stripped . | . . . . . . . . . . . . Power Chain Reactions 1 | . . 1 . . . . . . . . . Alert | -11 -10 -9 -8 -7 -6 -6 -6 -6 -6 -5 -5 ------- Run | Yrd Mat Mat Mat Fac Fac Was Fac Low Low Fac Upp Peak Influence 444 | 10 123 261 440 444 181 62 20 . . 160 . Initial 181 | . 6 . 46 90 181 62 . . . 58 . Average 164 | 4 40 93 222 261 177 50 8 . . 88 . Maximum Alert Level 2 | . . 1 2 2 . . . . . . . Low Security (%) 61 | 100 100 83 37 27 100 100 100 . . 100 . Level 1 36 | . . 16 60 67 . . . . . . . Level 2 2 | . . . 2 4 . . . . . . . Level 3 . | . . . . . . . . . . . . Level 4 . | . . . . . . . . . . . . Level 5 . | . . . . . . . . . . . . High Security . | . . . . . . . . . . . . Max Security . | . . . . . . . . . . . . Squads Dispatched 14 | . 1 1 4 4 . . 1 . . 3 . Investigation 4 | . . 1 1 1 . . . . . 1 . Extermination 2 | . . . . 2 . . . . . . . Reinforcement 8 | . 1 . 3 1 . . 1 . . 2 . Assault . | . . . . . . . . . . . . Garrison . | . . . . . . . . . . . . Intercept . | . . . . . . . . . . . . Searches Triggered . | . . . . . . . . . . . . Construction Impeded . | . . . . . . . . . . . . Haulers Reinforced 2 | . . . . 1 . . 1 . . . . Active Scanning Responses . | . . . . . . . . . . . . Cargo Convoy Interrupts . | . . . . . . . . . . . . Stealth | -11 -10 -9 -8 -7 -6 -6 -6 -6 -6 -5 -5 --------- Run | Yrd Mat Mat Mat Fac Fac Was Fac Low Low Fac Upp Distress Signals 10 | . 1 2 4 2 . . . . . 1 . Communications Jammed . | . . . . . . . . . . . . Distress Signals . | . . . . . . . . . . . . Times Spotted 143 | . 9 19 45 26 . 6 1 4 11 11 11 Peak Tracking Total 11 | . 6 7 11 4 . 6 1 4 7 4 10 Tactical Retreats 8 | . . 1 . . . . 1 . 3 2 1 Traps | -11 -10 -9 -8 -7 -6 -6 -6 -6 -6 -5 -5 ------- Run | Yrd Mat Mat Mat Fac Fac Was Fac Low Low Fac Upp Traps Triggered 4 | . . . . 2 1 . . . . 1 . Indirectly . | . . . . . . . . . . . . Trap Hack Attempts . | . . . . . . . . . . . . Triggered . | . . . . . . . . . . . . Disarmed . | . . . . . . . . . . . . Reprogrammed . | . . . . . . . . . . . . Reused . | . . . . . . . . . . . . Traps Extracted . | . . . . . . . . . . . . Installed . | . . . . . . . . . . . . Triggered 1 | . . . . . . . . . . . 1 Machines | -11 -10 -9 -8 -7 -6 -6 -6 -6 -6 -5 -5 ---------- Run | Yrd Mat Mat Mat Fac Fac Was Fac Low Low Fac Upp Machines Disabled 10 | . . 1 2 6 . . . . . 1 . Max in Single Turn 3 | . . 1 1 3 . . . . . 1 . Machines Repaired . | . . . . . . . . . . . . Machines Dismantled . | . . . . . . . . . . . . Machines Sabotaged . | . . . . . . . . . . . . Overloaded Fab Kills . | . . . . . . . . . . . . Hacking | -11 -10 -9 -8 -7 -6 -6 -6 -6 -6 -5 -5 --------- Run | Yrd Mat Mat Mat Fac Fac Was Fac Low Low Fac Upp Machines Accessed 17 | . . 4 2 6 1 . . 1 . 3 . Terminals 15 | . . 4 2 6 1 . . . . 2 . Fabricators . | . . . . . . . . . . . . Repair Stations . | . . . . . . . . . . . . Recycling Units 1 | . . . . . . . . . . 1 . Scanalyzers . | . . . . . . . . . . . . Garrison Access . | . . . . . . . . . . . . Total Hacks 38 | . . 12 6 9 2 . . 1 . 8 . Successful 7 | . . 3 1 . . . . 1 . 2 . Failed 31 | . . 9 5 9 2 . . . . 6 . Catastrophic 11 | . . 4 1 5 . . . . . 1 . Database Lockouts . | . . . . . . . . . . . . Manual 34 | . . 12 6 9 2 . . . . 5 . Terminals 34 | . . 12 6 9 2 . . . . 5 . Fabricators . | . . . . . . . . . . . . Repair Stations . | . . . . . . . . . . . . Recycling Units 3 | . . . . . . . . . . 3 . Scanalyzers . | . . . . . . . . . . . . Garrison Access . | . . . . . . . . . . . . Terminal Hacks 6 | . . 3 1 . . . . 1 . 1 . Part Schematic 2 | . . 1 . . . . . . . 1 . Open Door 1 | . . . . . . . . 1 . . . Level Access Points 1 | . . 1 . . . . . . . . . Unreport Threat 1 | . . . 1 . . . . . . . . Registered Components 1 | . . 1 . . . . . . . . . Fabricator Hacks . | . . . . . . . . . . . . Repair Station Hacks . | . . . . . . . . . . . . Recycling Unit Hacks 1 | . . . . . . . . . . 1 . Retrieve Components 1 | . . . . . . . . . . 1 . Scanalyzer . | . . . . . . . . . . . . Garrison Access Hacks . | . . . . . . . . . . . . Unauthorized Hacks . | . . . . . . . . . . . . Terminals . | . . . . . . . . . . . . Fabricators . | . . . . . . . . . . . . Repair Stations . | . . . . . . . . . . . . Recycling Units . | . . . . . . . . . . . . Scanalyzers . | . . . . . . . . . . . . Garrison Access . | . . . . . . . . . . . . Data Cores Recovered 1 | . 1 . . . . . . . . . . Used . | . . . . . . . . . . . . Hacking Detections 14 | . . 4 1 5 1 . . . . 3 . Full Trace Events 3 | . . . 1 1 . . . . . 1 . Feedback Events . | . . . . . . . . . . . . Feedback Blocked . | . . . . . . . . . . . . Robot Schematics Acquired . | . . . . . . . . . . . . Robots Built . | . . . . . . . . . . . . Authchips . | . . . . . . . . . . . . Time . | . . . . . . . . . . . . Total Robot Build Rating . | . . . . . . . . . . . . Part Schematics Acquired 2 | . . 1 . . . . . . . 1 . Parts Built . | . . . . . . . . . . . . Authchips . | . . . . . . . . . . . . Time . | . . . . . . . . . . . . Total Part Build Rating . | . . . . . . . . . . . . Parts Repaired . | . . . . . . . . . . . . Time . | . . . . . . . . . . . . Parts Recycled . | . . . . . . . . . . . . Recycled Matter . | . . . . . . . . . . . . Retrieved Matter . | . . . . . . . . . . . . Retrieved Components . | . . . . . . . . . . . . Parts Scanalyzed . | . . . . . . . . . . . . Part Schematics Acquired . | . . . . . . . . . . . . Parts Damaged . | . . . . . . . . . . . . Bothacking | -11 -10 -9 -8 -7 -6 -6 -6 -6 -6 -5 -5 ------------ Run | Yrd Mat Mat Mat Fac Fac Was Fac Low Low Fac Upp Used RIF Installer . | . . . . . . . . . . . . Robots Hacked . | . . . . . . . . . . . . Non-combat . | . . . . . . . . . . . . Combat . | . . . . . . . . . . . . Robot Hacks Applied . | . . . . . . . . . . . . Relay Couplers Released . | . . . . . . . . . . . . Fabnet Peak Effective % . | . . . . . . . . . . . . Robots Rewired . | . . . . . . . . . . . . Allies Hacked . | . . . . . . . . . . . . Hacks Repelled . | . . . . . . . . . . . . Allies | -11 -10 -9 -8 -7 -6 -6 -6 -6 -6 -5 -5 -------- Run | Yrd Mat Mat Mat Fac Fac Was Fac Low Low Fac Upp Total Allies 3 | . . . . 3 . . . . . . . Largest Group 3 | . . . . 3 . . . . . . . Highest-Rated Group 93 | . . . . 93 . . . . . . . Highest-Rated Ally 31 | . . . . 31 . . . . . . . Total Orders . | . . . . . . . . . . . . Ally Attacks 54 | . . . . 54 . . . . . . . Total Damage 756 | . . . . 756 . . . . . . . Kills 10 | . . . . 10 . . . . . . . Allies Corrupted . | . . . . . . . . . . . . Allies Melted . | . . . . . . . . . . . . Intel | -11 -10 -9 -8 -7 -6 -6 -6 -6 -6 -5 -5 ------- Run | Yrd Mat Mat Mat Fac Fac Was Fac Low Low Fac Upp Robot Analysis Total . | . . . . . . . . . . . . Derelict Logs Recovered 2 | . . . . . . . . 1 1 . . Drone Launches . | . . . . . . . . . . . . Drone Recoveries . | . . . . . . . . . . . . Exploration | -11 -10 -9 -8 -7 -6 -6 -6 -6 -6 -5 -5 ------------- Run | Yrd Mat Mat Mat Fac Fac Was Fac Low Low Fac Upp Turns Passed 6494 | 112 534 805 926 1828 208 104 325 795 386 393 78 Spaces Moved 3837 | 62 310 344 271 903 111 83 273 497 180 660 143 Core 124 | 6 . . . . . 27 80 . . 8 3 Treads 2391 | 56 310 344 271 903 111 56 . 136 180 24 . Legs 386 | . . . . . . . 25 361 . . . Wheels . | . . . . . . . . . . . . Hover . | . . . . . . . . . . . . Flight 936 | . . . . . . . 168 . . 628 140 Fastest Speed 32 | 50 160 160 160 155 160 50 32 130 160 40 40 Average Speed 135 | 149 160 160 225 157 160 124 106 145 176 50 43 Slowest Speed 320 | 160 160 160 250 320 160 160 150 200 240 320 200 Overloaded Moves 168 | . . . . . . . 168 . . . . Propulsion Burnouts . | . . . . . . . . . . . . Robots Hopped 1 | . . . . . . . . . . 1 . Cave-ins Triggered . | . . . . . . . . . . . . Exploration Rate (%) 28 | 5 47 32 26 28 3 74 11 65 17 21 14 Regions Visited 11 Branch Regions 3 Pre-discovered Areas . | . . . . . . . . . . . . Known Exits Taken 3 | . . 1 1 . . . . . 1 . . Unknown Exits Taken 6 | 1 1 . . 1 . . 1 1 . 1 . Scrap Searched 5 | . . . . . . . . 2 2 . 1 Spaces Dug . | . . . . . . . . . . . . Terrain Destroyed 74 | . . 3 . 70 . . . 1 . . . Melee . | . . . . . . . . . . . . Projectile 1 | . . . . . . . . 1 . . . AOE 73 | . . 3 . 70 . . . . . . . Terrain Rammed . | . . . . . . . . . . . . Walls Destroyed . | . . . . . . . . . . . . Machines Disabled . | . . . . . . . . . . . . Actions | -11 -10 -9 -8 -7 -6 -6 -6 -6 -6 -5 -5 --------- Run | Yrd Mat Mat Mat Fac Fac Was Fac Low Low Fac Upp Total 4686 | 74 327 519 423 1194 142 83 305 552 215 693 159 Wait 327 | . . 77 20 160 15 . 7 30 6 . 12 Move 3825 | 61 309 343 270 902 111 82 272 496 179 657 143 Hop 1 | . . . . . . . . . . 1 . Pick Up 63 | 4 5 15 11 16 5 . 3 1 1 1 1 Fast Attach 71 | 7 . 6 7 20 3 . 4 5 8 10 1 Attach 48 | . . 9 15 10 1 1 6 3 1 2 . Detach 26 | . . 2 6 7 . . 6 1 1 3 . Swap 25 | . . 11 6 3 . . . . 4 1 . Drop 52 | . 2 10 3 23 6 . 3 1 1 1 2 Fire 238 | 2 11 46 85 53 1 . 4 15 14 7 . Melee 10 | . . . . . . . . . . 10 . Ram . | . . . . . . . . . . . . Kick . | . . . . . . . . . . . . Crush . | . . . . . . . . . . . . Escape Stasis . | . . . . . . . . . . . . Rewire . | . . . . . . . . . . . . Trap . | . . . . . . . . . . . . Miscellaneous . | . . . . . . . . . . . . Route ------- -11/Scrapyard -10/Materials (discovered 3 exits: *Mat / [*Min x2]) -9/Materials (discovered 3 exits: *Mat x3) -8/Materials -7/Factory (discovered 2 exits: *Fac / *Low) -6/Factory -6/Waste -6/Factory -6/Lower Caves (discovered 2 exits: [*Low] / [*Dat]) -6/Lower Caves -5/Factory -5/Upper Caves History --------- Turn | Location | Event 14 | -11/Scrapyard | Discovered new exit (range 16) 113 | -11/Scrapyard | Entered Materials 304 | -10/Materials | Build established: Mutant 424 | -10/Materials | Discovered new exit (range 9) 541 | -10/Materials | Discovered new exit (range 5) 572 | -10/Materials | Discovered new exit (range 9) 647 | -10/Materials | Entered another Materials area 647 | -9/Materials | Evolved 2 slots: Utility x2 657 | -9/Materials | Identified exit to Materials 905 | -9/Materials | Lost 3 parts (1p2w) 1335 | -9/Materials | Lost 4 parts (1p1n1u1w) 1452 | -9/Materials | Entered another Materials area 1452 | -8/Materials | Evolved 2 slots: Utility x1, Weapon x1 1659 | -8/Materials | Lost 6 parts (1p2n3w) 1687 | -8/Materials | Destroyed 9 combat bots 1730 | -8/Materials | Lost 4 parts (1p1u2w) 2034 | -8/Materials | Build established: Scavenger-Tank 2259 | -8/Materials | Discovered new exit (range 14) 2289 | -8/Materials | Identified exit to Factory 2378 | -8/Materials | Entered Factory 2378 | -7/Factory | Evolved 2 slots: Propulsion x1, Utility x1 2982 | -7/Factory | Lost 3 parts (2n1w) 3078 | -7/Factory | Discovered new exit (range 15) 3215 | -7/Factory | Allied Derelicts emerged from ambush trap array 3221 | -7/Factory | Identified exit to Lower Caves 3711 | -7/Factory | Lost 3 allies 4110 | -7/Factory | Build established: Tank 4128 | -7/Factory | Discovered new exit (range 18) 4206 | -7/Factory | Entered another Factory area 4206 | -6/Factory | Evolved 2 slots: Propulsion x1, Utility x1 4414 | -6/Factory | Sucked down chute 4414 | -6/Factory | Entered Waste 4427 | -6/Waste | Spotted C-40 Crusher 4448 | -6/Waste | Spotted C-40 Crusher 4482 | -6/Waste | Spotted C-40 Crusher 4487 | -6/Waste | Spotted C-40 Crusher 4491 | -6/Waste | Spotted C-40 Crusher 4491 | -6/Waste | Spotted C-40 Crusher 4495 | -6/Waste | Crushed by Compactor (1 part destroyed, 1 dropped) 4495 | -6/Waste | Crushed by Compactor (1 part destroyed, 1 dropped) 4498 | -6/Waste | Crushed by Compactor (1 part destroyed, 1 dropped) 4499 | -6/Waste | Crushed by Compactor (1 part destroyed, 1 dropped) 4502 | -6/Waste | Crushed by Compactor (1 part destroyed, 2 dropped) 4504 | -6/Waste | Crushed by Compactor (1 part destroyed, 2 dropped) 4507 | -6/Waste | Crushed by Compactor (1 part destroyed, 1 dropped) 4514 | -6/Waste | Discovered new exit (range 10) 4518 | -6/Waste | Entered Factory 4538 | -6/Factory | Lost 7 parts (5n1u1w) 4780 | -6/Factory | Build established: Mutant 4796 | -6/Factory | Discovered new exit (range 15) 4843 | -6/Factory | Entered Lower Caves 4844 | -6/Lower Caves | Encountered a Warlord checkpoint 5124 | -6/Lower Caves | A Derelict revealed a hidden shortcut to meet someone special 5168 | -6/Lower Caves | Learned Factory security intel 5407 | -6/Lower Caves | Discovered new exit (range 14) 5638 | -6/Lower Caves | Entered another Lower Caves area 5792 | -6/Lower Caves | Learned 4 Factory zone layouts 5803 | -6/Lower Caves | Attracted the attention of an 0b10 base 5895 | -6/Lower Caves | Lost 6 parts (3n2u1w) 5967 | -6/Lower Caves | Discovered new exit (range 15) 6000 | -6/Lower Caves | Identified exit to Factory 6024 | -6/Lower Caves | Entered Factory 6024 | -5/Factory | Evolved 2 slots: Power x1, Utility x1 6142 | -5/Factory | Lost 7 parts (1p1n3u2w) 6208 | -5/Factory | Spotted B-75 Beast 6408 | -5/Factory | Discovered new exit (range 7) 6417 | -5/Factory | Entered Upper Caves 6436 | -5/Upper Caves | Spotted B-75 Beast 6468 | -5/Upper Caves | Core integrity fell below 50% 6484 | -5/Upper Caves | Attracted the attention of an 0b10 outpost 6491 | -5/Upper Caves | Core integrity fell below 20% 6495 | -5/Upper Caves | Destroyed by G-50 Soldier with Heavy Laser Last Messages --------------- 06428_ Found 21 Matter. 06429_ Acquired Mak. Spear. 06430_ Dropped Mak. Hammer. 06430_ 51-5EP(r) collects Mak. Hammer. 06432_ Dropped Wave Gun. 06432_ Acquired Mak. Axe. 06434_ 51-5EP(r) collects Wave Gun. 06477_ Nuclear Pulse Array destroyed. 06483_ Critical hit (Destroy). 06483_ Imp. Reaction Control System destroyed. 06484_ Y-72 Warden: "DETECTED UNIDENTIFIED DERELICT." 06484_ Cloaking Device destroyed. 06488_ Y-72 Warden: "REQUESTING BACKUP." 06488_ Penetrated by Slug. 06489_ Critical hit (Burn: +37). 06491_ Penetrated by Slug. 06491_ Machine disabled. 06491_ Adv. Hacking Suite destroyed. 06492_ Machine disabled. 06492_ Mak. Spear destroyed. Map ----- +----------------------------------------------------+ | ??????????????? ?????###??## #?????### ##?????? | | ??????????????? #### #??## ##???## #?????? | | ?????????????? # #### #???# ####?????? | | ????????????? ##?## ### ##????? | | ???????????? ### #?# ##???? | | ???????????? ### #???? | | ???????????? ## #???? | | ????????????# ## ##??? | | ???????????? ## #??? | | ???????????? #??? | | ?????????????????# ## #??? | | ?????????????????# ?? #### ##??? | | ?????????????????## #??## ## ##???? | | ??????????????????# ##???# ### ##????? | | ??????????????????# #; ###????# #?## ###?????? | | ?????????????????????# ##??????# #??# #???????? | | ?????????????????????# #???????# #??## #??????? | | ?????????????????????# ##??????# #???# #??????? | | ?????????????????????# ######## #???####??????? | | ?????????????????????# "# #?????????????? | | ?????????????????????# #?????????????? | | ?????????????????????# #;##### #?????????????? | | ?????????????????????# ; """# ####?????????????? | | ?????????????????????# #" sg#g #????????????????? | | ?????????????????????# #Y sY #????????????????? | | ?????????????????????# #b@g l #????????????????? | | ?????????????????????# # gg# #????????????????? | | ?????????????????????# #""""# #????????????????? | | ?????????????????????# ####### #????????????????? | | ?????????????????????# #????????????????? | | ?????????????????????############????????????????? | | ?????????????????????????????????????????????????? | | ?????????????????????????????????????????????????? | | ?????????????????????????????????????????????????? | | ?????????????????????????????????????????????????? | | ?????????????????????????????????????????????????? | | ?????????????????????????????????????????????????? | | ?????????????????????????????????????????????????? | | ?????????????????????????????????????????????????? | | ?????????????????????????????????????????????????? | | | | | | | | | | | | | | | | | | | | | +----------------------------------------------------+ Best States ------------- Heat Dissipation 83 Energy Generation 19 Energy Capacity 1065 Matter Stores 300 Matter Capacity 300 Sight Range 18 Robot Scan Range 16 Terrain Scan Density 10 ECM Strength 2 Cloak Strength 2 Armor Coverage 600 Evasion (%) 72 Core Analysis 6 Recoil Reduction 4 Particle Charging 20 Offensive Hacking 14 Item Schematics ----------------- Lgt. Treads | -9/Materials | Hacked Arm. Treads | -5/Factory | Hacked Robot Schematics ------------------ None Fabricated ------------ Nothing Alien Tech Used ----------------- None Achievements -------------- None Challenges ------------ None Game ------ Seed ZhirovHeartShockpuncher Manual? 0 Play Time 00:59:19 Cumulative 37.3 hours Start 2024.04.18 @ 15:18:35 End 2024.04.18 @ 17:27:56 Sessions 2 Manual Loads 0 Difficulty Rogue Special Mode None Game No. 70 Rogue 65 Adventurer 5 Explorer 0 Win Type - Total 0 Types 0/0/0/0/0/0/0/0/0 Lore% 12 Gallery% 45 Achievement% 30 Wizard Run 0 Options --------- Layout 0 ASCII 0 Keyboard 0 Movement Mouse Keybinds 0 Fullscreen 2 Font 24/Smallcaps Map View 38x25 Zoom Use 27% Tactical HUD 1 Map Filters NONE Filters NONE Steam 1 RUN: cb1394be-6e50-41fe-98c9-12588ee9ebbe